 Dungeon Crawl Stone Soup version 0.28.0-43-g3370ac3207 (webtiles) character file.

Game seed: 15800467786813018532

474 tizbic2 the Vandal (level 6, -1/48 HPs)
             Began as a Demonspawn Hunter on Mar 12, 2022.
             Slain by an orc warrior
             ... wielding a +0 flail
              (9 damage)
             ... on level 4 of the Dungeon.
             The game lasted 00:15:32 (3605 turns).

tizbic2 the Vandal (Demonspawn Hunter)              Turns: 3605, Time: 00:15:32

Health: -1/48      AC:  9    Str: 15    XL:     6   Next: 84%
Magic:  6/6        EV: 11    Int: 12    God:
Gold:   67         SH:  0    Dex: 13    Spells: 3/5 levels left

rFire   . . .      SeeInvis .   a - +4 dagger
rCold   . . .      Faith    .   (no shield)
rNeg    . . .      Spirit   .   h - +0 ring mail
rPois   .          Reflect  .   (helmet restricted)
rElec   .          Harm     .   n - +0 cloak
rCorr   .          Rampage  +   g - +0 pair of gloves
Will    .....                   r - +0 pair of boots {rampage}
Stlth   +.........              (no amulet)
HPRegen 0.16/turn               e - ring of wizardry
MPRegen 0.10/turn               (no ring)

@: no status effects
A: antennae 1, spiny 1, sharp scales 1
a: no special abilities


You were on level 4 of the Dungeon.
You visited 1 branch of the dungeon, and saw 4 of its levels.

You collected 292 gold pieces.
You spent 225 gold pieces at shops.

Inventory:

Hand Weapons
 a - a +4 dagger (weapon)
 q - a +0 hand axe of electrocution
 w - a +3 hunting sling
Missiles
 b - 92 stones
 d - 8 sling bullets
 k - 8 poisoned darts (quivered)
Armour
 c - a +1 leather armour of fire resistance
 g - a +0 pair of gloves (worn)
 h - a +0 ring mail (worn)
 n - a +0 cloak (worn)
 r - a +0 pair of boots of rampaging (worn)
Jewellery
 e - a ring of wizardry (left hand)
Scrolls
 l - a scroll of magic mapping
 m - a scroll of blinking
 o - a scroll of teleportation
 p - a scroll of identify {unknown}
 s - a scroll of silence {unknown}
Potions
 f - a potion of might {unknown}
 i - a potion of mutation {unknown}
 j - 4 potions of curing
 t - a potion of heal wounds {unknown}
 u - a potion of invisibility {unknown}


   Skills:
 + Level 3.7 Fighting
 * Level 5.5 Slings
 + Level 3.3 Dodging
 - Level 0.8 Stealth
 + Level 2.6 Unarmed Combat


You had 3 spell levels left.
You knew the following spells:

 Your Spells              Type           Power      Damage    Failure   Level
a - Poisonous Vapours     Pois/Air       0%         N/A       36%         2

Your spell library contained the following spells:

 Spells                   Type           Power      Damage    Failure   Level
 Sting                    Tmut/Pois      0%         1d3       26%         1
 Olgreb's Toxic Radiance  Pois           0%         N/A       92%         4
 Freezing Cloud           Conj/Ice/Air   0%         6-21      99%         5
 Simulacrum               Ice/Necr       0%         N/A       100%        6
 Polar Vortex             Ice            0%         N/A       100%        9


Dungeon Overview and Level Annotations

Branches:
Dungeon (4/15)
 Temple: D:4-7

Altars:
Xom

Shops:
D:4 [


Innate Abilities, Weirdness & Mutations

You have a pair of small antennae on your head.
You are partially covered in sharp spines.
You are partially covered in razor-sharp scales. (AC +1, Slay +1)


Message History

Aim: an orc warrior, wielding a +0 flail and wearing a +0 chain mail (62% to hit)
You shoot a sling bullet. The sling bullet hits the orc warrior!
The orc warrior is heavily wounded.
The orc warrior hits you with a +0 flail!
Fire: 10 sling bullets
Press: ? - help, Q - select action, (/) - cycle Shift-Dir - straight line, f/p - orc warrior
Aim: an orc warrior, wielding a +0 flail and wearing a +0 chain mail (heavily wounded, 62% to hit)
You shoot a sling bullet.
The sling bullet closely misses the orc warrior.
The orc warrior hits you with a +0 flail.
Fire: 9 sling bullets
Press: ? - help, Q - select action, (/) - cycle Shift-Dir - straight line, f/p - orc warrior
Aim: an orc warrior, wielding a +0 flail and wearing a +0 chain mail (heavily wounded, 62% to hit)
You shoot a sling bullet.
The sling bullet hits the orc warrior but does no damage.
The orc warrior is heavily wounded.
The orc warrior barely misses you.
a - a +4 dagger (weapon)
You hit the orc warrior.
The orc warrior is heavily wounded.
The orc warrior hits you with a +0 flail!
It was a potion of curing.
You feel better.
The orc warrior hits you but does no damage.
You see here 2 sling bullets.
The orc priest completely misses you.
You see here 2 sling bullets.
You hit the orc priest.
The orc priest is lightly wounded.
The orc warrior hits you with a +0 flail!
An orc priest comes into view. It is wielding a +0 short sword.
The orc priest is struck by your spines.
The orc priest misses you.
You hit the orc priest.
The orc priest is heavily wounded.
The orc warrior hits you with a +0 flail!
* * * LOW HITPOINT WARNING * * *
The orc priest hits you but does no damage.
The orc warrior is struck by your spines.
The orc warrior hits you with a +0 flail!
You die...

.)####
##..##..##..#...∩≈≈.
..# #...####.....≈≈≈≈≈.
#.# ##.....).#####≈≈≈#.
#.# #..#.#..# ###.#.
#.# #..#.##.## #.#.
#..# ##.......# #.#.
..... #<......######.##
..####
...#####o#.##.........#
...
.......@(..##..########
...######oo#..........
..######.(#..........
...oo................
#.....##.............
#.... #.............
#... #............. ###
#...########## #.#>#


You could see an orc warrior and 2 orc priests.

Vanquished Creatures
  A black bear (D:4)
  A phantom (D:4)
  A scorpion (D:4)
  2 orc priests (D:4)
  A centaur skeleton (D:4)
  A gnoll (D:1)
  5 adders
  A white imp (D:4)
  An adder skeleton (D:4)
  2 worms (D:4)
  A dart slug (D:3)
  5 orcs
  3 endoplasms
  A giant cockroach (D:1)
  8 goblins
  16 hobgoblins
  10 jackals
  2 quokkas
  4 ball pythons
  9 bats
  6 frilled lizards
  7 kobolds
  4 rats
92 creatures vanquished.

Notes
Turn   | Place    | Note
-------+----------+-------------------------------------------
     0 | D:1      | tizbic2 the Demonspawn Hunter began the quest for the Orb.
     0 | D:1      | Reached XP level 1. HP: 16/16 MP: 1/1
   108 | D:1      | Gained mutation: You are partially covered in sharp spines.
                  | [demonic ancestry]
   108 | D:1      | Reached XP level 2. HP: 17/22 MP: 2/2
   530 | D:1      | Reached skill level 4 in Slings
   636 | D:1      | Gained mutation: You are partially covered in razor-sharp
                  | scales. (AC +1, Slay +1) [demonic ancestry]
   636 | D:1      | Reached XP level 3. HP: 27/28 MP: 3/3
  1153 | D:2      | Reached skill level 1 in Unarmed Combat
  1935 | D:3      | Gained mutation: You have a pair of small antennae on your
                  | head. [demonic ancestry]
  1935 | D:3      | Reached XP level 4. HP: 34/34 MP: 4/4
  2276 | D:3      | Learned a level 2 spell: Poisonous Vapours
  2669 | D:4      | Reached XP level 5. HP: 15/40 MP: 5/5
  2855 | D:4      | Found a shimmering altar of Xom.
  3025 | D:4      | Found Woemuaf's Antique Armour Emporium.
  3073 | D:4      | Bought a pair of glowing boots for 225 gold pieces
  3109 | D:4      | Reached skill level 5 in Slings
  3125 | D:4      | Reached XP level 6. HP: 35/47 MP: 6/6
  3583 | D:4      | Noticed an orc warrior
  3605 | D:4      | Slain by an orc warrior

Illustrated notes

Levels and vault maps discovered:
D:1:      wander_arrival_desolate, layout_loops_corners
D:2:      layout_loops_ring, grunt_ministairs_8
D:3:      layout_loops_ring
D:4:      minmay_diamond_boxcup, layout_basic, mainiacjoe_overflow_boulevard,
          serial_shops, nicolae_shop_waterfront, minmay_joined_circles

Skill      XL: |  1  2  3  4  5  6 |
---------------+-------------------+-----
Dodging        | 2 3 |  3.3
Slings         | 4 5 |  5.5
Unarmed Combat | 1 2 |  2.6
Fighting       | 3 |  3.7
Stealth        | |  0.8

Action                   |  1- 3 |  4- 6 || total
-------------------------+-------+-------++-------
Melee: Short sword       |    26 |       ||    26
       Dagger            |    19 |    79 ||    98
       Punch             |     1 |     3 ||     4
       Hand axe          |       |     7 ||     7
 Fire: Hunting sling     |    47 |    25 ||    72
Throw: Dart              |     1 |     1 ||     2
 Cast: Poisonous Vapours |       |     1 ||     1
  Use: Scroll            |     3 |     6 ||     9
       Potion            |       |     1 ||     1
Armor: Leather armour    |    15 |     7 ||    22
       Ring mail         |       |    27 ||    27
Dodge: Dodged            |    25 |    43 ||    68
